cohdb
Replays
Latest Replays
All Replays
Popular Replays
Top Player Replays
Match Explorer
How It Works
Community
CoH3 Stats
Reddit
Sign in to upload your games and track your stats! →
Sign in with Steam
Match 45346920
Unlisted
Match 45346920
Overview
Messages
Build Orders
End
Construct Barracks
Selects Armored Battlegroup
Selects Veteran Crews
Riflemen Squad
Riflemen Squad
Grenade Package
Infantry Support Center
Construct Weapon Support Center
Selects Fast Deploy
1⁄4-ton 4x4 Truck
M3 Armored Personnel Carrier
.30 cal Machine Gun
Construct Tank Depot
M1919 Machine Gun Team
Riflemen Squad
Selects Seek and Destroy
Selects UNKNOWN (2160077)
M4A3E8 Sherman Easy Eight
Selects Field Repairs
Selects War Machine
Engineer Squad
M4A3E8 Sherman Easy Eight
Riflemen Squad
Riflemen Squad
Riflemen Squad
Field Repairs
100% OJ addict
CaptainTaco
FalconUK
downward horrendous
Der schöne Bob
Smartie
Huzi
gunther09 Nürnberg
0
0
Comments
sign in to comment!
No comments posted yet!